 Dungeon Sprint DCSS version 0.27-a0-1144-g0b7d3b79db (webtiles) character file.

Game seed: 15538159003948380766

112 Zeld the Skirmisher (level 4, -8/36 HPs)
             Began as an Octopode Fighter on May 10, 2021.
             Killed from afar by a wizard (13 damage)
             ... with a fireball
             ... in the Dungeon (Sprint III: "The Ten Rune Challenge").
             The game lasted 00:01:02 (858 turns).

Zeld the Skirmisher (Octopode Fighter)               Turns: 858, Time: 00:01:03

Health: -8/36      AC:  1    Str: 16    XL:     4   Next: 95%
Magic:  4/4        EV: 11    Int: 10    God:
Gold:   16         SH: 10    Dex: 11    Spells: 3/3 levels left

rFire    . . .     SeeInvis .   a - +0 war axe
rCold    . . .     Faith    .   b - +0 kite shield
rNeg     . . .     Spirit   .   (helmet restricted)
rPois    .         Reflect  .   (no amulet)
rElec    .         Harm     .   (no ring)
rCorr    .         Rampage  .   (no ring)
Will     .....     NoTele   +   (no ring)
Stlth    ++........             (no ring)
HPRegen  0.12/turn              (no ring)
MPRegen  0.09/turn              (no ring)
                                (no ring)
                                (no ring)

@: no status effects
A: almost no armour, amphibious, 8 rings, camouflage 1, gelatinous body 1,
(nimble swimmer 1), tentacles
a: no special abilities


You were in the Dungeon.
You visited 1 branch You collected 16 gold pieces.

Inventory:

Hand Weapons
 a - a +0 war axe (weapon)
Armour
 b - a +0 kite shield (worn)
Scrolls
 i - a scroll of blinking
 j - a scroll of brand weapon {unknown}
 k - a scroll of vulnerability {unknown}
 l - 2 scrolls of immolation {unknown}
 m - 2 scrolls of enchant weapon {unknown}
 o - a scroll of identify {unknown}
Potions
 c - 3 potions of mutation {unknown}
 d - a potion of curing
 e - a potion of heal wounds
 f - a potion of haste
 g - 2 potions of magic
 n - 2 potions of flight {unknown}
 p - a potion of might


   Skills:
 * Level 6.1 Fighting
 * Level 5.6 Axes
 - Level 3.0 Dodging
 * Level 6.1 Shields


You had 3 spell levels left.
You didn't know any spells.
Your spell library was empty.

Dungeon Overview and Level Annotations

Branches:
Dungeon (1/1)

Altars:
Kikubaaqudgha
Sif Muna
Vehumet


Innate Abilities, Weirdness & Mutations

You cannot wear most types of armour.
You are amphibious.
You can wear up to eight rings at the same time.
Your skin changes colour to match your surroundings (Stealth+).
Your rubbery body absorbs attacks. (AC +1, EV +1)
((You are camouflaged near water. (Stealth+)))
You have tentacles for arms and can constrict up to eight enemies at once.


Message History

You closely miss something. You constrict the kobold demonologist.
Something hits you. The kobold demonologist misses you. Something hits you.
You hit the kobold demonologist but do no damage.
Your squeeze misses the kobold demonologist.
The kobold demonologist is moderately wounded.
You barely miss something.
You constrict the kobold demonologist, but do no damage.
The kobold demonologist hits you with a +0 dagger.
Something hits you.
You block the kobold demonologist's attack.
You hit the kobold demonologist but do no damage.
You squeeze the kobold demonologist.
The kobold demonologist is heavily wounded.
You closely miss something.
You constrict the kobold demonologist, but do no damage.
You hear some strange, mumbled words.
The kobold demonologist mumbles some strange words.
Something hits you.
Your shield prevents you from hitting the kobold demonologist.
You squeeze the kobold demonologist.
You kill the kobold demonologist!
The orange demon disappears in a puff of smoke!
You barely miss something. Something hits you.
Your Fighting skill increases to level 6!
Your Shields skill increases to level 6!
You are too injured to fight recklessly!
You are too injured to fight recklessly!
You miss something. You squeeze something. Something hits you.
You closely miss something.
You hear some strange, mumbled words.
Something tries to affect you, but you resist.
You hear some strange, mumbled words.
You closely miss something. Something hits you.
* * * LOW HITPOINT WARNING * * *
You barely miss something. Something hits you.
* * * LOW HITPOINT WARNING * * *
You hear some strange, mumbled words.
A fireball appears from out of thin air!
The fireball explodes!
The fireball engulfs you!
You die...

##.......#..#..#
.##.##...#..#..###+#+###+##
.##.###..##'#..#..........#
####.##..###...'.⌠........#
##..##..####...#...######+#
....##..###....#.⌠.#
#..##÷..##.....#...#
..##....#.†....#'###
.###..##.#.....#@{:# .#
#..#####....#___# ▓▓ ▓▓▓▓
▓▓▓▓▓▓▓▓▓▓


There were no monsters in sight!

Vanquished Creatures
  A water elemental (D)
  A human (D)
  A kobold demonologist (D)
  A wolf (D)
  2 endoplasms (D)
  2 rats (D)
8 creatures vanquished.

Vanquished Creatures (others)
  A hydra (D)
  4 plants (D)
5 creatures vanquished.

Grand Total: 13 creatures vanquished

Notes
Turn   | Place    | Note
-------+----------+-------------------------------------------
     0 | D        | Zeld the Octopode Fighter began the quest for the Orb.
     0 | D        | Reached XP level 1. HP: 16/16 MP: 1/1
   172 | D        | Noticed a wolf
   178 | D        | Reached XP level 2. HP: 8/23 MP: 2/2
   202 | D        | Killed an eight-headed hydra
   452 | D        | Reached XP level 3. HP: 10/27 MP: 3/3
   635 | D        | Noticed a water elemental
   641 | D        | Killed a water elemental
   642 | D        | Reached skill level 5 in Fighting
   642 | D        | Reached skill level 5 in Axes
   642 | D        | Reached skill level 5 in Shields
   642 | D        | Reached XP level 4. HP: 22/36 MP: 4/4
   847 | D        | Found a radiant altar of Vehumet.
   847 | D        | Found a shimmering blue altar of Sif Muna.
   847 | D        | Found an ancient bone altar of Kikubaaqudgha.
   847 | D        | Noticed a wizard
   854 | D        | Noticed an orange demon
   858 | D        | Killed from afar by a wizard

Illustrated notes

Levels and vault maps discovered:
D:        dungeon_sprint_mu [sprint_mu_entry_cave, sprint_mu_temple_rooms,
          sprint_mu_d1_horrors, sprint_mu_d2_genie, sprint_mu_d3_branching,
          sprint_mu_orc_legion, sprint_mu_elf_gauntlet, sprint_mu_hive_nellie,
          sprint_mu_lair_fedhas, sprint_mu_vaults_butterflies,
          sprint_mu_slime_circle, sprint_mu_swamp_cave, sprint_mu_snake_twists,
          sprint_mu_blade_basic, sprint_mu_crypt_chambers,
          sprint_mu_tomb_spiral, sprint_mu_vestibule_basic,
          sprint_mu_gehenna_hellfire, sprint_mu_dis_giant,
          sprint_mu_tartarus_statrot, sprint_mu_cocytus_islands, sprint_mu_zot1]

Skill      XL: |  1  2  3  4 |
---------------+-------------+-----
Fighting       | 4 5 6 |  6.1
Axes           | 3 4 5 |  5.6
Shields        | 4 5 6 |  6.1
Dodging        | |  3.0

Action                   |  1- 3 |  4- 6 || total
-------------------------+-------+-------++-------
Melee: War axe           |    18 |     9 ||    27
       Constrict         |     2 |     1 ||     3
       Tentacles         |     4 |     3 ||     7
  Use: Potion            |     2 |       ||     2
 Stab: Sleeping          |     2 |     1 ||     3
Dodge: Dodged            |     9 |     1 ||    10
Block: Kite shield       |     6 |     1 ||     7

Table legend: (Time is in decaauts)
 A = Elapsed time spent in this place.
 B = Non-inter-level travel time spent in this place.
 C = Inter-level travel time spent in this place.
 D = Time resting spent in this place.
 E = Time spent auto-exploring this place.
 F = Levels seen in this place.
 G = Mean time per level.
                   A        B        C        D        E       F      G
               +--------+--------+--------+--------+--------+-----+--------+
         Total |    884 |    884 |      0 |    751 |      0 |   1 |  884.0 |
       Dungeon |    884 |    884 |      0 |    751 |      0 |   1 |  884.0 |
               +--------+--------+--------+--------+--------+-----+--------+

Top non-repeatable levels by time:
       D: 884 daAuts
